 Dungeon Crawl Stone Soup version 0.19-a0 (webtiles) character file.

6 Vetinari the Charmwright (level 1, 0/12 HPs)
             Began as a Tengu Skald on Apr 27, 2016.
             Slain by a giant gecko (3 damage)
             ... on level 1 of the Dungeon.
             The game lasted 00:00:47 (84 turns).

Vetinari the Charmwright (Tengu Skald)                Turns: 84, Time: 00:00:48

Health: 0/12       AC:  3    Str: 12    XL:     1   Next: 90%
Magic:  4/4        EV: 11    Int: 12    God:
Gold:   0          SH:  0    Dex: 13    Spells: 1 memorised, 3 levels left

rFire  . . .     SeeInvis .     a - +0 spear
rCold  . . .     Gourm    .     b - +0 leather armour
rNeg   . . .     Faith    .     (no shield)
rPois  .         Spirit   .     (helmet restricted)
rElec  .         Dismiss  .     (no cloak)
rCorr  .         Reflect  .     (no gloves)
SustAt .         Harm     .     (boots unavailable)
MR     .....                    (no amulet)
Stlth  +.........               (no ring)
                                (no ring)

@: not resistant to hostile enchantments, very unstealthy
A: beak, talons 3
a: no special abilities


You were on level 1 of the Dungeon.
You were not hungry.

You visited 1 branch of the dungeon, and saw 1 of its levels.

Inventory:

Hand Weapons
 a - a +0 spear (weapon)
Armour
 b - a +0 leather armour (worn)
Scrolls
 e - a scroll of identify {unknown}
Books
 c - a book of Battle
Comestibles
 d - a bread ration {@e1}


   Skills:
 + Level 2.2 Fighting
 + Level 2.3 Polearms
 + Level 1.3 Armour
 + Level 1.2 Dodging
 + Level 2.0 Spellcasting
 + Level 2.4 Charms


You had 3 spell levels left.
You knew the following spells:

 Your Spells              Type           Power        Failure   Level  Hunger
a - Infusion              Chrm           #...         17%         1    ##.....


Dungeon Overview and Level Annotations

Branches:
Dungeon (1/15)

Altars:


Innate Abilities, Weirdness & Mutations

You have a beak for a mouth.
You have claws for feet.


Message History

Welcome, Vetinari the Tengu Skald.
Will you prevail where others failed? Will you find the Orb of Zot?
Found a staircase leading out of the dungeon.
You open the large door.
There is a large open door here.
You open the large door.
There is a large open door here.
As you open the large door, it creaks loudly!
There is a large open door here.
Found a scroll labeled MUPUZUVAZO.
A dart slug comes into view.
A dart slug is nearby!
Found 29 arrows.
You see here a scroll labeled MUPUZUVAZO.
You hit the dart slug. You claw the dart slug.
The dart slug closely misses you.
You hit the dart slug. The dart slug closely misses you.
You hit the dart slug. You claw the dart slug.
You kill the dart slug!
You see here a dart slug corpse.
e - a scroll labeled MUPUZUVAZO A hobgoblin comes into view.
The hobgoblin shouts!
A hobgoblin is nearby!
Found a stone staircase leading down.
A giant gecko comes into view.
Attack whom?
Aim: a hobgoblin You reach to attack!
You barely miss the hobgoblin.
A kobold comes into view. It is wielding a dagger.
The kobold shouts!
You hit the hobgoblin. You peck the hobgoblin.
The hobgoblin completely misses you.
You hit the hobgoblin but do no damage. Your kick misses the hobgoblin.
The hobgoblin hits you.
You take 2 damage, and have 10/12 hp.
You hit the hobgoblin.
You kill the hobgoblin!
You barely miss the giant gecko. Your peck misses the giant gecko.
The giant gecko barely misses you.
You barely miss the giant gecko. Your kick misses the giant gecko.
The giant gecko barely misses you.
You hit the giant gecko but do no damage.
The giant gecko bites you.
* * * LOW HITPOINT WARNING * * *
The giant gecko barely misses you.
You take 3 damage, and have 7/12 hp.
MASSIVE DAMAGE!!
Unknown command.
The giant gecko bites you but does no damage.
You hit the giant gecko. The giant gecko bites you.
* * * LOW HITPOINT WARNING * * *
You take 5 damage, and have 2/12 hp.
MASSIVE DAMAGE!!
Unknown command.
You hit the giant gecko.
You kill the giant gecko!
Unknown command.
A rat comes into view.
A rat comes into view.
Found a mace.
A giant gecko comes into view.
You closely miss the giant gecko. You claw the giant gecko.
The giant gecko bites you.
You die...

#....# #...............# .#
#§≈≈.####.....##..#.##..#. #
'§≈§.'.'......##...........
'.§§.'.'...#.###...........#
#.≈§.###.....................
#....##.............#.#.#..##
#######.##.#.###K#..#.#.#..#
#.##.#.# #l#..#.#.#...
#.##.#.# #@#..#.# #.##.#.#
#.#..# #.##.#.# #.# ..
#.##.#.# #.# #....... ...
#..#.#.# ###


You could see a giant gecko and a kobold.

Vanquished Creatures
  A dart slug (D:1)
  A giant gecko (D:1)
  A hobgoblin (D:1)
3 creatures vanquished.

Notes
Turn   | Place    | Note
--------------------------------------------------------------
     0 | D:1      | Vetinari the Tengu Skald began the quest for the Orb.
     0 | D:1      | Reached XP level 1. HP: 12/12 MP: 4/4
    55 | D:1      | HP: 2/12 [giant gecko (5)]
    84 | D:1      | Slain by a giant gecko

Vault maps used:
D:1:      lightli_arrival_lavapool

Action                   || total
-------------------------++-------
Melee: Spear             ||    13
       Kick              ||     3
       Peck              ||     1
Armor: Leather armour    ||     1
Dodge: Dodged            ||     6

Vault maps used:
D:1:      lightli_arrival_lavapool

Table legend:
 A = Turns spent in this place as a percentage of turns spent in the entire game.
 B = Non-inter-level travel turns spent in this place as a percentage of non-inter-level travel turns spent in the entire game.
 C = Inter-level travel turns spent in this place as a percentage of turns spent in this place.
 D = Turns resting spent in this place as a percentage of non-inter-level travel turns spent in this place.
 E = Turns spent auto-exploring this place as a percentage of non-inter-level travel turns spent in this place.
 F = Non-inter-level travel turns spent in this place divided by the number of levels of this place that you've seen.
                   A       B       C       D       E      F
               +-------+-------+-------+-------+-------+----------------------
         Total | 100.0 | 100.0 |   0.0 |   0.0 |   6.1 |  66.0
       Dungeon | 100.0 | 100.0 |   0.0 |   0.0 |   6.1 |  66.0
               +-------+-------+-------+-------+-------+----------------------

Table legend:
 A = Kills in this place as a percentage of kills in entire the game.
 B = Kills by you in this place as a percentage of kills by you in the entire game.
 C = Kills by friends in this place as a percentage of kills by friends in the entire game.
 D = Other kills in this place as a percentage of other kills in the entire game.
 E = Experience gained in this place as a percentage of experience gained in the entire game.
 F = Experience gained in this place divided by the number of levels of this place that you have seen.
                   A       B       C       D       E      F
               +-------+-------+-------+-------+-------+----------------------
         Total | 100.0 | 100.0 |  -nan |  -nan | 100.0 |   9.0
       Dungeon | 100.0 | 100.0 |  -nan |  -nan | 100.0 |   9.0
               +-------+-------+-------+-------+-------+----------------------
